AoeStats
← rikardo.zamora

Arena

507401438Analyzed
1v1 RM · 13d ago on Sep 18, 2026· 41m 0s· 2 players
Game mode
Random Map
Map size
Tiny (2 player)
Population
200
Speed
Normal
Resources
Standard
Victory
Conquest
Starting age
Dark Age
Ending age
Imperial Age
RankedLock teamsTeams togetherTeam positionsShared explorationLock speedFull tech treeHidden civsTurbo modeCheats
Victory
Defeat
🇲🇽 Celts · Mexico
673
+13
🇨🇱 Franks · Chile
608
-13
rikardo.zamora
3:30 Loom
9:49 Feudal Age
14:05 Horse Collar
17:27 Castle Age
16:36 Scale Barding Armor
16:30 Double-Bit Axe
17:18 Scale Mail Armor
19:22 Bow Saw
19:29 Pikeman
23:17 Heavy Plow
24:04 Forging
25:38 Husbandry
28:33 Arson
30:16 Light Cavalry
33:46 Chain Barding Armor
38:35 Imperial Age
35:52 Town Watch
38:49 Halberdier
39:24 Stronghold
39:08 Onager
nohacenadi3489
11:56 Feudal Age
16:52 Castle Age
24:53 Scale Barding Armor
28:34 Chain Barding Armor
29:33 Wheelbarrow
34:24 Imperial Age
32:19 Double-Bit Axe
32:52 Hand Cart
32:30 Gold Mining
32:31 Stone Mining
34:10 Gold Shaft Mining
34:42 Bow Saw
36:21 Chivalry
36:13 Cavalier
36:58 Husbandry
37:44 Paladin
39:11 Plate Barding Armor
38:48 Capped Ram
40:59 Chemistry
Connection lost

Rejoining the realm…

Still unreachable

The connection could not be restored.

Session expired

The server has moved on; the page needs a fresh start.